 Dungeon Crawl Stone Soup version 0.28-a0-312-gbced6e68ee (webtiles) character file.

Game seed: 15196280463215381864

50 Dirtsage the Changer (level 3, -2/23 HPs)
             Began as an Octopode Transmuter on Aug 30, 2021.
             Slain by a gnoll (9 damage)
             ... on level 2 of the Dungeon.
             The game lasted 00:05:34 (1651 turns).

Dirtsage the Changer (Octopode Transmuter)          Turns: 1651, Time: 00:05:35

Health: -2/23      AC:  1    Str: 10    XL:     3   Next: 79%
Magic:  4/6        EV: 13    Int: 21    God:
Gold:   90         SH:  0    Dex: 12    Spells: 0/6 levels left

rFire   . . .      SeeInvis .     - Unarmed
rCold   . . .      Faith    .   (no shield)
rNeg    . . .      Spirit   .   (helmet currently unavailable)
rPois   .          Reflect  .   (no amulet)
rElec   .          Harm     .   I - +6 ring of intelligence
rCorr   .          Rampage  .   (no ring)
Will    .....                   (no ring)
Stlth   ++........              (no ring)
HPRegen 0.07/turn               (no ring)
MPRegen 0.10/turn               (no ring)
                                (no ring)
                                (no ring)

@: appendages, wereblooded
A: tentacle spike 3, almost no armour, amphibious, 8 rings, camouflage 1,
gelatinous body 1, (nimble swimmer 1), tentacles
a: End Transformation


You were on level 2 of the Dungeon.
One of your tentacles had grown a beastly spike.
You visited 1 branch of the dungeon, and saw 2 of its levels.

You collected 90 gold pieces.


Innate Abilities, Weirdness & Mutations

One of your tentacles has grown a beastly spike.
You cannot wear most types of armour.
You are amphibious.
You can wear up to eight rings at the same time.
Your skin changes colour to match your surroundings (Stealth+).
Your rubbery body absorbs attacks. (AC +1, EV +1)
((You are camouflaged near water. (Stealth+)))
You have tentacles for arms and can constrict up to eight enemies at once.


   Skills:
 - Level 1.0 Fighting
 - Level 2.0 Dodging
 - Level 3.0 Unarmed Combat
 - Level 2.0 Spellcasting
 * Level 3.8 Transmutations
 + Level 1.0 Poison Magic


You couldn't memorise any spells.
You knew the following spells:

 Your Spells              Type           Power      Damage    Failure   Level
b - Beastly Appendage     Tmut           36%        N/A       3%          1
s - Spider Form           Tmut/Pois      6%         N/A       16%         3
w - Wereblood             Tmut           18%        N/A       4%          2

Your spell library contained the following spells:

 Spells                   Type           Power      Damage    Failure   Level
 Ignite Poison            Fire/Tmut/Pois 8%         N/A       22%         3
 Mephitic Cloud           Conj/Pois/Air  3%         N/A       36%         3
 Ice Form                 Ice/Tmut       10%        N/A       54%         4
 Bolt of Magma            Conj/Fire/Erth 1%         4d4       99%         5

Inventory:

Missiles
 c - 17 stones
Magical Staves
 a - a staff of earth {!a}
Jewellery
 I - a +6 ring of intelligence (left tentacle)
Scrolls
 b - a scroll of teleportation {unknown}
 d - 2 scrolls of magic mapping {unknown}
Potions
 e - a potion of curing {unknown}

Dungeon Overview and Level Annotations

Branches:
Dungeon (2/15)

Altars:

#.# #..#.#.#.# # #.#.###. #.#
#..#.#.#.###.#.#.....#.
#.#######..#.#.#..##.#.#.#.#.#.
#.............<................
####.#####...#.#.##..###.#.#.####
.........#...#.#.................
#.....##.#...#.#gK..gK.....#.####
#.....##.#...#.#g###.###.........
#.....##...###.#@# #..##.....###.
####+###...# #.#.# ##.##.........
#...# #.#.# #..#......... #.#.#
#.#$# ##.#......... #.#.# #.#
#........... #.#.# #.#
#..#........ ..#.# #.#
#..#....###. ###.. #.#
#.......#.>. #.# #.#.........


You could see 2 gnolls and a kobold.


Message History

One of your tentacles grows a vicious spike.
The gnoll shouts!
You hear a shout! x2
A gnoll comes into view. It is wielding a +2 whip of flaming.
Casting: Beastly Appendage (safe; 3% risk of failure)
Confirm with . or Enter, or press ? or * to list all spells.
Your blood is infused with primal strength.
A gnoll comes into view. It is wielding a +0 spear.
Found 10 gold pieces.
The gnoll shouts!
The gnoll hits you with a +0 whip.
A gnoll comes into view. It is wielding a +0 club.
A kobold comes into view. It is wielding a +0 short sword.
The gnoll hits you from afar with a +0 spear.
You tentacle-slap the gnoll. You grab the gnoll. You tentacle-slap the gnoll.
You squeeze the gnoll.
You feel a bit better.
You kill the gnoll!
The gnoll hits you from afar with a +0 spear.
You bludgeon the gnoll! Your grab misses the gnoll. You squeeze the gnoll.
The gnoll is severely wounded.
The gnoll barely misses you. The gnoll hits you with a +0 whip!
* * * LOW HITPOINT WARNING * * *
You closely miss the gnoll. Your grab misses the gnoll. You squeeze the gnoll.
You feel a bit better.
You kill the gnoll!
You howl as the wereblood boils in your veins!
The gnoll barely misses you.
Your Poison Magic skill increases to level 1!
You howl as the wereblood boils in your veins!
The gnoll hits you with a +0 spear!
You die...

Skill      XL: |  1  2  3 |
---------------+----------+-----
Transmutations | 3 |  3.8
Poison Magic   | 1 |  1.0
Fighting       | |  1.0
Dodging        | |  2.0
Unarmed Combat | |  3.0
Spellcasting   | |  2.0

Action                   || total
-------------------------++-------
Melee: Unarmed           ||    60
       Constrict         ||    16
       Tentacles         ||    13
       Kick              ||     1
       Punch             ||     1
 Cast: Beastly Appendage ||     2
       Wereblood         ||     2
 Stab: Sleeping          ||     5
Armor: Skin              ||     4
Dodge: Dodged            ||    42

Levels and vault maps discovered:
D:1:      sevenhm_arrival_forest_fort_small_5, layout_basic,
          shapermc_ecumenical_altar_acropolis, minmay_misc_feat_nine_boxes
D:2:      layout_basic

Notes
Turn   | Place    | Note
-------+----------+-------------------------------------------
     0 | D:1      | Dirtsage the Octopode Transmuter began the quest for the
                  | Orb.
     0 | D:1      | Reached XP level 1. HP: 13/13 MP: 3/3
   254 | D:1      | Found a faded altar of an unknown god.
   535 | D:1      | Reached XP level 2. HP: 18/18 MP: 3/5
   598 | D:1      | Learned a level 2 spell: Wereblood
   737 | D:1      | Reached skill level 3 in Transmutations
  1102 | D:1      | Reached XP level 3. HP: 23/23 MP: 6/6
  1459 | D:2      | Learned a level 3 spell: Spider Form
  1650 | D:2      | Reached skill level 1 in Poison Magic
  1651 | D:2      | Slain by a gnoll

Vanquished Creatures
  2 gnolls (D:2)
  A dart slug (D:1)
  A ball python (D:2)
  5 bats (D:1)
  3 endoplasms (D:1)
  3 goblins
  2 jackals (D:1)
  A quokka (D:1)
  4 frilled lizards
  A kobold (D:1)
  6 rats
29 creatures vanquished.

Table legend: (Time is in decaauts)
 A = Elapsed time spent in this place.
 B = Non-inter-level travel time spent in this place.
 C = Inter-level travel time spent in this place.
 D = Time resting spent in this place.
 E = Time spent auto-exploring this place.
 F = Levels seen in this place.
 G = Mean time per level.
                   A        B        C        D        E       F      G
               +--------+--------+--------+--------+--------+-----+--------+
         Total |   1646 |   1613 |     33 |      0 |   1395 |   2 |  823.0 |
       Dungeon |   1646 |   1613 |     33 |      0 |   1395 |   2 |  823.0 |
               +--------+--------+--------+--------+--------+-----+--------+

Top non-repeatable levels by time:
     D:1: 1189 daAuts
     D:2: 457 daAuts

Table legend:
 A = Non-vault XP
 B = Vault XP
 C = Vault XP percentage of total XP
 D = Non-vault monster count
 E = Vault monster count
 F = Vault count percentage of total count
                 A         B        C        D         E       F
            +---------+---------+-------+---------+---------+-------
      Total |      72 |       0 |   0.0 |      29 |       0 |   0.0
            +---------+---------+-------+---------+---------+-------
        D:1 |      35 |       0 |   0.0 |      22 |       0 |   0.0
        D:2 |      37 |       0 |   0.0 |       7 |       0 |   0.0
            +---------+---------+-------+---------+---------+-------
